 Dungeon Crawl Stone Soup version 0.30.1-3-gfc49f6343a (webtiles) character file.

Game seed: 6405793895937472594

37 Gorgoleon the Slasher (level 3, -1/27 HPs)
             Began as a Merfolk Gladiator on Aug 8, 2023.
             Killed by divine providence
             ... invoked by an orc priest
              (13 damage)
             ... on level 2 of the Dungeon.
             The game lasted 00:03:06 (1378 turns).

Gorgoleon the Slasher (Merfolk Gladiator)           Turns: 1378, Time: 00:03:07

Health: -1/27      AC:  4    Str: 20    XL:     3   Next: 39%
Magic:  0/3        EV: 13    Int:  7    God:
Gold:   99         SH:  0    Dex: 17    Spells: 2/2 levels left

rFire   . . .        a - +0 long sword
rCold   . . .        (no shield)
rNeg    . . .        b - +0 leather armour
rPois   .            c - +0 helmet
rElec   .            (no cloak)
rCorr   .            (no gloves)
SInv    .            (no boots)
Will    .....        l - amulet of guardian spirit
Stlth   +            o - +6 ring of strength
HPRegen 0.24/turn    (no ring)
MPRegen 0.08/turn

%: guardian spirit
@: no status effects
A: (nimble swimmer 2), mertail
a: no special abilities


You were on level 2 of the Dungeon.
You visited 1 branch of the dungeon, and saw 3 of its levels.

You collected 99 gold pieces.

Inventory:

Hand Weapons
 a - a +0 long sword (weapon)
Missiles
 d - 3 throwing nets
 e - a javelin
 k - 19 stones (quivered)
 m - 3 poisoned darts
Armour
 b - a +0 leather armour (worn)
 c - a +0 helmet (worn)
 j - a +0 chain mail
Jewellery
 l - an amulet of guardian spirit (around neck)
 o - a +6 ring of strength (left hand)
Scrolls
 g - a scroll of identify {unknown}
 h - 2 scrolls of summoning {unknown}
 i - a scroll of amnesia {unknown}
 n - a scroll of teleportation {unknown}
 q - a scroll of magic mapping {unknown}
Potions
 f - 4 potions of curing {unknown}
 p - 2 potions of heal wounds {unknown}


   Skills:
 - Level 2.1 Fighting
 + Level 5.3 Long Blades
 - Level 2.0 Throwing
 - Level 4.0 Dodging


You had 2 spell levels left.
You didn't know any spells.
Your spell library was empty.

Dungeon Overview and Level Annotations

Branches:
Dungeon (3/15)

Altars:

Shops:
D:2 :


Innate Abilities, Weirdness & Mutations

((You are very nimble when in or above water. (Stealth+, EV+, Speed+++)))
Your lower body shifts to a powerful aquatic tail in water.


Message History

Found a dagger.
There is a stone staircase leading up here.
The orc shouts! x2; The orc wizard shouts!
The orc priest shouts!
You hear a shout!
An orc comes into view. It is wielding a +0 club.
The orc wizard gestures at you while chanting.
The puff of flame misses you.
An orc comes into view. It is wielding a +0 short sword.
The orc priest looks satisfied for a moment.
An orc comes into view. It is wielding a +0 dagger.
The orc closely misses you.
The orc priest hits you with a +0 short sword.
The orc closely misses you.
You climb upwards.
There is a stone staircase leading down here.
The orc hits you with a +0 hand axe. The orc completely misses you.
The orc priest hits you with a +0 short sword.
The orc misses you.
You slash the orc!
You kill the orc!
You slash the orc!
You kill the orc!
You hit the orc priest.
The orc priest is lightly wounded.
The orc priest hits you with a +0 short sword.
You hit the orc priest.
The orc priest is moderately wounded.
The orc priest hits you with a +0 short sword.
You closely miss the orc priest.
The orc priest is moderately wounded.
The orc priest invokes the aid of Beogh against you.
Beogh smites you!
You slash the orc priest!
The orc priest is almost dead.
The orc priest hits you but does no damage.
You hit the orc priest but do no damage.
The orc priest is almost dead.
The orc priest calls down the wrath of Beogh upon you.
Beogh smites you!
You die...

#......###........#
#####......###....#####
#.................##
#...........#......#
##..............###.#
##..................#
##..................#####
.#.##....##....###......#
.#........##...o@..)###.#
.#........##...##...###.#
..........##............#
..........##..o...#######
#.........###...############
#.........# ###............#
#.........#####............#
###........................#
#........................#


You could see an orc priest.

Vanquished Creatures
  2 dart slugs (D:1)
  2 orcs (D:2)
  3 bats
  3 endoplasms
  3 giant cockroaches
  3 goblins
  2 hobgoblins
  2 kobolds
  A quokka (D:1)
  2 ball pythons
  2 frilled lizards
  A rat (D:1)
26 creatures vanquished.

Notes
Turn   | Place    | Note
-------+----------+-------------------------------------------
     0 | D:1      | Gorgoleon the Merfolk Gladiator began the quest for the
                  | Orb.
     0 | D:1      | Reached XP level 1. HP: 16/16 MP: 1/1
    29 | D:1      | Reached skill level 4 in Long Blades
    98 | D:1      | Reached XP level 2. HP: 22/22 MP: 2/2
   112 | D:1      | Found a faded altar of an unknown god.
   751 | D:2      | Reached XP level 3. HP: 27/27 MP: 3/3
   765 | D:2      | Reached skill level 5 in Long Blades
   875 | D:2      | Found Mittaqe's Book Boutique.
  1378 | D:2      | Killed from afar by an orc priest

Illustrated notes

Levels and vault maps discovered:
D:1:      minmay_arrival_five_plusses, layout_loops_cross,
          basic_ecumenical_altar
D:2:      layout_basic, serial_curves, eino_curves_03, eino_curves_02,
          eino_curves_03, serial_shops, shop, minmay_misc_feat_five
D:3:      layout_basic, mainiacjoe_overflow_chevrons

Skill      XL: |  1  2  3 |
---------------+----------+-----
Long Blades    | 4 5 |  5.3
Fighting       | |  2.1
Throwing       | |  2.0
Dodging        | |  4.0

Action                     || total
---------------------------++-------
  Melee: Long sword        ||    73
   Stab: Sleeping          ||     1
 Armour: Leather armour    ||    19
  Dodge: Dodged            ||    49
